 Dungeon Crawl Stone Soup version 0.31.0-11-ge490571c62 (webtiles) character file.

Game seed: 15186173291796214809

265 qw the Skirmisher (level 5, 0/29 HPs)
             Began as a Deep Elf Hunter on Feb 4, 2024.
             Slain by a water moccasin (4 damage)
             ... on level 5 of the Dungeon.
             The game lasted 00:00:13 (3147 turns).

qw the Skirmisher (Deep Elf Hunter)                 Turns: 3147, Time: 00:00:13

Health: 0/29       AC:  7    Str: 10    XL:     5   Next: 99%
Magic:  7/7        EV: 11    Int: 14    God:
Gold:   251        SH:  0    Dex: 18    Spells: 4/4 levels left

rFire   . . .        a - +1 shortbow
rCold   . . .        (shield currently unavailable)
rNeg    . . .        f - +0 ring mail
rPois   .            (no helmet)
rElec   .            c - +1 cloak
rCorr   .            (no gloves)
SInv    .            (no boots)
Will    .....        (no amulet)
Stlth   +            (no ring)
HPRegen 0.24/turn    (no ring)
MPRegen 0.10/turn

%: no passive effects
@: lethally poisoned (0 -> -9)
A: no striking features
a: no special abilities


You were on level 5 of the Dungeon.
You visited 1 branch of the dungeon, and saw 5 of its levels.

You collected 251 gold pieces.


   Skills:
 + Level 1.6 Fighting
 - Level 9.5 Ranged Weapons
 - Level 2.4 Dodging
 - Level 1.2 Stealth


You had 4 spell levels left.
You didn't know any spells.
Your spell library was empty.

Inventory:

Hand Weapons
 a - a +1 shortbow (weapon)
Armour
 c - a +1 cloak (worn)
 f - a +0 ring mail (worn)
Potions
 b - a potion of might
 d - a potion of heal wounds
 g - a potion of curing
 h - a potion of cancellation
 j - a potion of haste {unknown}
 k - a potion of enlightenment {unknown}

Dungeon Overview and Level Annotations

Branches:
Dungeon (5/15)
 Temple: D:4-7

Altars:
Makhleb
Xom

Shops:
D:2 (

Annotations:
D:2 1 runed translucent door, Crazy Yiuf


Message History

Done waiting.
Done exploring.
3102 ||| DROPPING potion of ambrosia.
You drop a potion of ambrosia.
Done exploring.
What level of the Dungeon? (default 4, ? - help)
There is a stone staircase leading down here.
You climb downwards.
There is a stone staircase leading up here.
Waypoint 4 assigned to D:5.
You open the door.
Found a stone staircase leading up.
Found 2 large rocks.
There is a stone staircase leading up here.
A water moccasin comes into view.
You see here 8 gold pieces.
You shoot an arrow. The arrow hits the water moccasin.
The water moccasin hisses angrily.
The water moccasin is moderately wounded.
You shoot an arrow. The arrow hits the water moccasin.
The water moccasin is moderately wounded.
You shoot an arrow. The arrow hits the water moccasin.
The water moccasin is moderately wounded.
You shoot an arrow. The arrow hits the water moccasin.
The water moccasin is heavily wounded.
The water moccasin bites you.
You shoot an arrow. The arrow hits the water moccasin.
The water moccasin is severely wounded.
The water moccasin bites you!
You are lethally poisoned!
The water moccasin poisons you! The water moccasin bites you.
You shoot an arrow. The arrow hits the water moccasin.
The water moccasin is almost dead.
You feel very sick.
The water moccasin bites you but does no damage.
You shoot an arrow. The arrow hits the water moccasin.
The water moccasin is almost dead.
You feel very sick.
The water moccasin bites you but does no damage.
The water moccasin bites you.
You die...

#########+####.
#..............
#..........###..
#....(.@S..#.#.# #
#.?........#.#.#.# .
#..........#.#.#.##..
#########............
#.#..#.#....#
####.#.<....#
..........#.#
#.###...##.#
#..........#


You could see a water moccasin.

Vanquished Creatures
  An ogre (D:4)
  A crimson imp (D:3)
  An orc wizard (D:4)
  2 adders (D:3)
  3 dart slugs
  8 orcs (D:4)
  6 ball pythons
  9 bats
  7 endoplasms
  2 giant cockroaches (D:2)
  11 goblins
  5 hobgoblins
  9 jackals
  6 quokkas
  2 frilled lizards (D:1)
  5 kobolds
  2 rats (D:3)
80 creatures vanquished.

Notes
Turn   | Place    | Note
-------+----------+-------------------------------------------
     0 | D:1      | qw the Deep Elf Hunter began the quest for the Orb.
     0 | D:1      | Reached XP level 1. HP: 12/12 MP: 3/3
     0 | D:1      | 0 ||| qw: Version: 0.3-a-160-g6735b56
     0 | D:1      | 0 ||| qw: Game counter: 4529
     0 | D:1      | 0 ||| qw: Melee chars always use a shield: true
     0 | D:1      | 0 ||| qw: God list: Okawaru
     0 | D:1      | 0 ||| qw: Allow faded altars: false
     0 | D:1      | 0 ||| qw: Do Orc after clearing Dungeon:15 true
     0 | D:1      | 0 ||| qw: Do second Lair branch before Depths: true
     0 | D:1      | 0 ||| qw: Lair rune preference: random
     0 | D:1      | 0 ||| qw: Goals: Normal
     0 | D:1      | 0 ||| PLANNING D:1-11
   102 | D:1      | Reached XP level 2. HP: 16/16 MP: 4/4
   187 | D:1      | Reached skill level 6 in Ranged Weapons
   643 | D:1      | 643 ||| UPGRADING to +0 scale mail.
   653 | D:1      | 653 ||| DROPPING +0 leather armour.
   654 | D:1      | 654 ||| READING scroll labelled JIUSTR OBOSM.
   654 | D:1      | 654 ||| ENCHANTING +0 shortbow.
   655 | D:1      | 655 ||| READING scroll labelled NUQOLO XOCUMM.
   756 | D:1      | 756 ||| DROPPING scroll of butterflies.
   827 | D:2      | Found a runed translucent door.
   828 | D:2      | Noticed Crazy Yiuf
   871 | D:2      | Reached XP level 3. HP: 19/20 MP: 5/5
   905 | D:2      | HP: 5/20 [bat (1)]
  1127 | D:2      | Reached skill level 7 in Ranged Weapons
  1258 | D:2      | Found Ynteliel's Weapon Boutique.
  1599 | D:2      | 1599 ||| UPGRADING to +0 cloak.
  1604 | D:2      | 1604 ||| UPGRADING to +0 ring mail.
  1614 | D:2      | 1614 ||| DROPPING +0 scale mail.
  1615 | D:2      | 1615 ||| READING scroll labelled APHAKK KAJU.
  1615 | D:2      | 1615 ||| IDENTIFYING pink potion
  1616 | D:2      | 1616 ||| DRINKING 2 fizzy yellow potions.
  1617 | D:2      | 1617 ||| DRINKING 2 white potions.
  1618 | D:2      | 1618 ||| DROPPING potion of attraction.
  1802 | D:3      | Reached XP level 4. HP: 24/25 MP: 6/6
  2019 | D:3      | Found a shimmering altar of Xom.
  2021 | D:3      | Found a burning altar of Makhleb.
  2033 | D:3      | Reached skill level 8 in Ranged Weapons
  2315 | D:3      | 2315 ||| READING 2 scrolls labelled BAELEWUDYC.
  2320 | D:3      | 2320 ||| READING scroll labelled HOTWOI ANODU.
  2320 | D:3      | 2320 ||| ENCHANTING +0 cloak.
  2405 | D:4      | HP: 6/25 [orc/+0 dagger (3)]
  2406 | D:4      | 2406 ||| READING scroll of teleportation.
  2407 | D:4      | 2407 ||| DRINKING potion of heal wounds.
  2445 | D:4      | Reached XP level 5. HP: 29/29 MP: 7/7
  2726 | D:4      | 2726 ||| FLEEEEING.
  2727 | D:4      | 2727 ||| FLEEEEING.
  2728 | D:4      | 2728 ||| FLEEEEING.
  2729 | D:4      | 2729 ||| FLEEEEING.
  2730 | D:4      | 2730 ||| FLEEEEING.
  2731 | D:4      | 2731 ||| FLEEEEING.
  2732 | D:4      | 2732 ||| FLEEEEING.
  2733 | D:4      | 2733 ||| FLEEEEING.
  2734 | D:4      | 2734 ||| FLEEEEING.
  2736 | D:4      | 2736 ||| FLEEEEING.
  2737 | D:4      | 2737 ||| FLEEEEING.
  2738 | D:4      | 2738 ||| FLEEEEING.
  2739 | D:4      | 2739 ||| FLEEEEING.
  2740 | D:4      | 2740 ||| FLEEEEING.
  2741 | D:4      | 2741 ||| FLEEEEING.
  2742 | D:4      | 2742 ||| FLEEEEING.
  2743 | D:4      | 2743 ||| FLEEEEING.
  2744 | D:4      | 2744 ||| FLEEEEING.
  2745 | D:4      | 2745 ||| FLEEEEING.
  2746 | D:4      | 2746 ||| FLEEEEING.
  2747 | D:4      | 2747 ||| FLEEEEING.
  2748 | D:4      | 2748 ||| STAIRDANCE
  2767 | D:3      | 2767 ||| READING scroll of identify.
  2767 | D:3      | 2767 ||| IDENTIFYING fuming green potion
  2768 | D:3      | 2768 ||| READING scroll labelled QUHIRA HOTIREM.
  2769 | D:3      | 2769 ||| DRINKING 2 fuming inky potions.
  2772 | D:4      | 2772 ||| STAIRDANCE
  2900 | D:4      | Noticed an ogre
  2904 | D:4      | Killed an ogre
  2905 | D:4      | Reached skill level 9 in Ranged Weapons
  3000 | D:4      | 3000 ||| READING scroll of identify.
  3000 | D:4      | 3000 ||| IDENTIFYING orange potion
  3001 | D:4      | 3001 ||| READING scroll labelled YTOOLU JEBRAHA.
  3102 | D:4      | 3102 ||| DROPPING potion of ambrosia.
  3118 | D:5      | Entered Level 5 of the Dungeon
  3140 | D:5      | Noticed a water moccasin
  3147 | D:5      | HP: 4/29 [poisoned by a water moccasin]
  3147 | D:5      | Slain by a water moccasin

Levels and vault maps discovered:
D:1:      giann_bridges, layout_basic
D:2:      layout_basic, serial_shops, shop, nicolae_titane,
          uniq_crazy_yiuf_cottage
D:3:      layout_basic, grunt_temple_overflow_champion_of_chaos,
          kennysheep_big_empty_room
D:4:      layout_gridville, chequers_serial_rivers_micro_b
D:5:      layout_basic, zin_statuary, temple_green, serial_shops,
          nicolae_shop_just_a_little_nook

Skill      XL: |  1  2  3  4  5 |
---------------+----------------+-----
Ranged Weapons | 6 7 8 9 |  9.5
Fighting       | |  1.6
Dodging        | |  2.4
Stealth        | |  1.2

Action                     |  1- 3 |  4- 6 || total
---------------------------+-------+-------++-------
   Fire: Shortbow          |   119 |   135 ||   254
    Use: Scroll            |     3 |     7 ||    10
         Potion            |     2 |     2 ||     4
 Armour: Leather armour    |    13 |       ||    13
         Scale mail        |    57 |       ||    57
         Ring mail         |     1 |    56 ||    57
  Dodge: Dodged            |    52 |    32 ||    84

Table legend:
 A = Non-vault XP
 B = Vault XP
 C = Vault XP percentage of total XP
 D = Non-vault monster count
 E = Vault monster count
 F = Vault count percentage of total count
                 A         B        C        D         E       F
            +---------+---------+-------+---------+---------+-------
      Total |     331 |      48 |  12.7 |      79 |       1 |   1.2
            +---------+---------+-------+---------+---------+-------
        D:1 |      38 |       0 |   0.0 |      21 |       0 |   0.0
        D:2 |      34 |       0 |   0.0 |      18 |       0 |   0.0
        D:3 |      60 |      48 |  44.4 |      21 |       1 |   4.5
        D:4 |     199 |       0 |   0.0 |      19 |       0 |   0.0
            +---------+---------+-------+---------+---------+-------
